 Dungeon Crawl Stone Soup version 0.20-a0-1073-g49e0d3e (webtiles) character file.

7772 Jushak the Fencer (level 11, -1/82 HPs)
             Began as a Minotaur Fighter on Apr 29, 2017.
             Was a High Priest of Cheibriados.
             Slain by a porcupine (7 damage)
             ... on level 1 of the Lair of Beasts.
             The game lasted 00:38:41 (10434 turns).

Jushak the Fencer (Minotaur Fighter)               Turns: 10434, Time: 00:38:42

Health: -1/82      AC: 11    Str: 34    XL:     11   Next: 1%
Magic:  10/10      EV: 12    Int: 14    God:    Cheibriados [*****.]
Gold:   405        SH: 13    Dex: 24    Spells: 10/10 levels left

rFire    . . .     SeeInvis .   P - +0 hunting sling (curse)
rCold    . . .     Gourm    +   c - +0 shield
rNeg     . . .     Faith    .   b - +0 scale mail
rPois    .         Spirit   .   (helmet restricted)
rElec    .         Reflect  .   k - +1 cloak
rCorr    .         Harm     .   (no gloves)
MR       .....                  (no boots)
Stlth    ..........             g - amulet of the gourmand
Regen    0.3/turn               I - ring of loudness (curse)
MPRegen  0.2/turn               u - -3 ring of intelligence (curse)

@: very slow
A: retaliatory headbutt, horns 2
a: Bend Time, Temporal Distortion, Slouch, Step From Time, Renounce Religion


You were on level 1 of the Lair of Beasts.
You worshipped Cheibriados.
Cheibriados was extremely pleased with you.
You were completely stuffed.

You visited 3 branches of the dungeon, and saw 11 of its levels.

You collected 405 gold pieces.

Inventory:

Hand Weapons
 a - a +0 long sword
 i - a +1 vampiric falchion
 p - a +2 war axe of electrocution
 P - a cursed +0 hunting sling (weapon)
Missiles
 r - 28 poisoned needles
 s - 8 needles of confusion
 Q - 52 sling bullets (quivered)
Armour
 b - a +0 scale mail (worn)
 c - a +0 shield (worn)
 j - the +0 ring mail "Cuyppel" {rF- MR+ Regen+ Dex+4}
   (You found it on level 5 of the Dungeon)

   It affects your dexterity (+4).
   It makes you vulnerable to fire.
   It affects your resistance to hostile enchantments.
   It increases your rate of regeneration.
 k - a +1 cloak (worn)
 R - a +0 leather armour of cold resistance
Magical Staves
 F - an uncursed staff of power {unknown}
Jewellery
 g - an amulet of the gourmand (around neck)
 l - a cursed ring of teleportation
 m - an uncursed ring of magical power
 t - an uncursed ring of flight
 u - a cursed -3 ring of intelligence (right hand)
 G - an uncursed ring of magical power
 I - a cursed ring of loudness (left hand)
Wands
 d - a wand of random effects (18/48)
 D - a wand of flame (20/48)
 E - a wand of acid (4/15)
 H - a wand of iceblast (8/15)
 K - a wand of enslavement (12/24)
Scrolls
 e - 2 scrolls of enchant armour
 h - 2 scrolls of noise
 n - 5 scrolls of identify
 v - 2 scrolls of fog
 w - a scroll of random uselessness
Potions
 o - 2 potions of haste {unknown}
 z - a potion of flight {unknown}
 A - 3 potions of heal wounds
 B - 2 potions of agility {unknown}
 O - 2 potions of ambrosia
Comestibles
 f - 6 bread rations
 q - 2 royal jellies
 C - a meat ration


   Skills:
 - Level 3.6 Fighting
 - Level 15.0 Long Blades
 + Level 2.0 Slings
 + Level 11.0 Armour
 - Level 3.7 Dodging
 - Level 2.0 Stealth
 - Level 5.8 Shields


You had 10 spell levels left.
You didn't know any spells.

Dungeon Overview and Level Annotations

Branches:
Dungeon (9/15)             Temple (1/1) D:5            Lair (1/6) D:9
    Orc: D:9-12

Altars:
Ashenzari
Cheibriados
Dithmenos
Elyvilon
Fedhas
Gozag
Hepliaklqana
Kikubaaqudgha
Makhleb
Nemelex Xobeh
Okawaru
Qazlal
Ru
Sif Muna
Trog
Uskayaw
Vehumet
Wu Jian
Xom
Yredelemnul
Zin
The Shining One

Annotations:
D:9 Gastronok
Lair:1 Prince Ribbit


Innate Abilities, Weirdness & Mutations

You reflexively headbutt those who attack you in melee.
You have a pair of horns on your head.


Message History

A porcupine comes into view.
The yak gores you but does no damage. x2
Prince Ribbit comes into view.
The yak barely misses you. You furiously retaliate!
You headbutt the yak. The yak gores you.
* * * LOW HITPOINT WARNING * * *
You block the yak's attack. The yak gores you!
* * * LOW HITPOINT WARNING * * *
The blink frog blinks!
The yak gores you!
* * * LOW HITPOINT WARNING * * *
You block the yak's attack. The yak misses you. You block the yak's attack.
A blink frog comes into view.
A blink frog comes into view.
The blink frog croaks.
The blink frog gives a loud, deep croak!
The blink frog blinks!
Found a runed blowgun.
The porcupine bites you!
You die...

#. ...P....#P.P..##+#.
.##.##.#................
........................
..............<.........
....#.##.#Y.............
.........#F.....#####...
..P......Y.Y...## #...
#....YY+YF....... #...
#....@.#r.....#.......
#.....r#.....#....#...
........FY.....##..##...
.).......ยง.....# ..#
..#......#.....# .# .
+............#
.......#..... .##+#..##
....


You could see 5 yaks, 2 blink frogs and a porcupine.

Vanquished Creatures
  A two-headed ogre (D:8)
  Pikel (D:8)
  Joseph (D:9)
  Grinder (D:3)
  A hippogriff (Lair:1)
  Sigmund (D:5)
  A spriggan (D:7)
  The ghost of Engwar the Ruffian, an amateur TrMo (D:3)
  A wraith (D:8)
  2 yaks (D:9)
  Grum (D:9)
  3 hungry ghosts
  Edmund (D:8)
  A water moccasin (D:7)
  An ice beast (D:5)
  4 sky beasts
  2 orc warriors
  A phantom (D:8)
  3 ogres
  2 wolves (D:9)
  3 centaurs
  A big kobold (D:7)
  8 bullfrogs
  4 scorpions
  8 killer bees (D:9)
  A howler monkey (D:5)
  A crimson imp (D:6)
  A bullfrog zombie (D:7)
  2 centaur zombies (D:7)
  9 hounds
  An orc priest (D:3)
  A gnoll shaman (D:4)
  2 jellies
  A bullfrog skeleton (D:5)
  8 orc wizards
  Terence (D:3)
  6 iguanas
  12 worker ants
  2 hound zombies
  2 hound skeletons
  2 worker ant zombies
  A howler monkey skeleton (D:7)
  2 howler monkey zombies
  7 adders
  14 gnolls
  A shadow imp (D:7)
  An ooze (D:3)
  3 adder skeletons
  3 worms
  A dart slug (D:3)
  5 leopard geckos
  24 orcs
  4 ball pythons
  9 bats
  13 giant cockroaches
  6 goblins
  6 hobgoblins
  16 jackals
  2 quokkas (D:2)
  3 frilled lizards
  12 kobolds
  A leopard gecko skeleton (D:8)
  3 rats
243 creatures vanquished.

Vanquished Creatures (others)
  A slave (D:8)
  An orc wizard (D:8)
  2 orcs (D:8)
4 creatures vanquished.

Grand Total: 247 creatures vanquished

Notes
Turn   | Place    | Note
-------+----------+-------------------------------------------
     0 | D:1      | Jushak the Minotaur Fighter began the quest for the Orb.
     0 | D:1      | Reached XP level 1. HP: 19/19 MP: 0/0
    91 | D:1      | Reached XP level 2. HP: 26/26 MP: 1/1
   306 | D:1      | Reached skill level 1 in Dodging
   506 | D:2      | Reached skill level 3 in Long Blades
   506 | D:2      | Reached XP level 3. HP: 18/31 MP: 2/2
  1126 | D:2      | Found a shimmering altar of Xom.
  1161 | D:2      | Reached XP level 4. HP: 36/39 MP: 3/3
  1470 | D:3      | Noticed Engwar's ghost (amateur TrMo)
  1717 | D:4      | Reached skill level 4 in Long Blades
  1717 | D:4      | Reached skill level 5 in Shields
  1717 | D:4      | Reached XP level 5. HP: 42/45 MP: 4/4
  1816 | D:4      | Noticed an ogre
  1878 | D:3      | Noticed Grinder
  1894 | D:3      | Killed Grinder
  1894 | D:3      | Reached skill level 5 in Long Blades
  1894 | D:3      | Reached XP level 6. HP: 30/51 MP: 5/5
  2644 | D:4      | Found an ornate altar of the Wu Jian Council.
  2703 | D:3      | Killed Engwar's ghost
  2703 | D:3      | Reached skill level 6 in Long Blades
  2703 | D:3      | Reached skill level 5 in Armour
  2703 | D:3      | Reached XP level 7. HP: 14/57 MP: 6/6
  2929 | D:3      | Found a basalt altar of Yredelemnul.
  3098 | D:3      | Noticed Terence
  3108 | D:3      | Killed Terence
  3348 | D:4      | Noticed a hungry ghost
  3375 | D:4      | Paralysed by fainting for 5 turns
  3388 | D:4      | Killed a hungry ghost
  3388 | D:4      | Reached skill level 7 in Long Blades
  3396 | D:4      | Found a deep blue altar of Sif Muna.
  3399 | D:4      | Found a white marble altar of Elyvilon.
  3402 | D:4      | Found a sparkling altar of Nemelex Xobeh.
  3607 | D:4      | Reached skill level 8 in Long Blades
  3751 | D:4      | Reached XP level 8. HP: 59/64 MP: 7/7
  3870 | D:4      | Reached skill level 9 in Long Blades
  4042 | D:5      | Entered Level 5 of the Dungeon
  4086 | D:5      | Found a staircase to the Ecumenical Temple.
  4091 | Temple   | Entered the Ecumenical Temple
  4126 | Temple   | Became a worshipper of Cheibriados the Contemplative
  4263 | D:5      | Got a twisted ring mail
  4399 | D:5      | Identified the +0 ring mail "Cuyppel" {rF- MR+ Regen+ Dex+4} (You found it on level 5 of the Dungeon)
  4429 | D:5      | Noticed Sigmund
  4463 | D:5      | Noticed Edmund
  4779 | D:6      | Reached skill level 10 in Long Blades
  4859 | D:6      | Reached * piety under Cheibriados
  5205 | D:6      | Reached skill level 11 in Long Blades
  5612 | D:6      | Reached ** piety under Cheibriados
  5683 | D:6      | Reached skill level 12 in Long Blades
  5683 | D:6      | Reached XP level 9. HP: 15/70 MP: 8/8
  6209 | D:5      | Killed Sigmund
  6554 | D:5      | Reached skill level 13 in Long Blades
  6763 | D:5      | Found an iron altar of Okawaru.
  6766 | D:5      | Found a sacrificial altar of Ru.
  6769 | D:5      | Found a shimmering altar of Xom.
  6772 | D:5      | Found a glowing golden altar of the Shining One.
  6994 | D:5      | Reached *** piety under Cheibriados
  7469 | D:7      | Reached skill level 14 in Long Blades
  7824 | D:7      | Reached **** piety under Cheibriados
  8219 | D:8      | Reached XP level 10. HP: 73/77 MP: 9/9
  8426 | D:8      | Reached skill level 15 in Long Blades
  8478 | D:8      | Reached skill level 1 in Stealth
  8650 | D:8      | Found a shadowy altar of Dithmenos.
  8707 | D:8      | Noticed a two-headed ogre
  8712 | D:8      | Killed a two-headed ogre
  8743 | D:8      | Noticed Pikel
  8755 | D:8      | Killed Pikel
  8888 | D:8      | Killed Edmund
  9278 | D:9      | Reached ***** piety under Cheibriados
  9397 | D:9      | Reached skill level 10 in Armour
  9407 | D:9      | Noticed Grum
  9411 | D:9      | Killed Grum
  9456 | D:9      | Noticed Gastronok
  9526 | D:9      | Found a staircase to the Lair.
  9688 | D:9      | Noticed Joseph
  9700 | D:9      | Killed Joseph
  9939 | D:9      | Reached skill level 1 in Slings
 10379 | Lair:1   | Entered Level 1 of the Lair of Beasts
 10384 | Lair:1   | Reached XP level 11. HP: 40/82 MP: 10/10
 10431 | Lair:1   | Noticed Prince Ribbit
 10434 | Lair:1   | Slain by a porcupine

Vault maps used:
D:1:      minmay_arrival_semitransparent
D:2:      first_bread, tgw_xom
D:3:      yredelemnul_altar_generic, uniq_terence, uniq_grinder
D:4:      minmay_overflow_temple_star_quad, lemuel_round_altar
D:5:      grunt_temple_overflow_cloverleaf, temple_doors_e,
          hangedman_decor_lopped, grunt_ministairs_12, uniq_sigmund, uniq_edmund
D:6:      grunt_ministairs_14
D:7:      the_bakery, hex_medium
D:8:      grunt_dithmenos_shadows, uniq_pikel
D:9:      lair_entry_dummy, enter_bailey_7, bloody_trog, uniq_grum, uniq_joseph,
          uniq_gastronok
Temple:   dshaligram_water_room_temple
Lair:1:   st_stairs_8, beast_lair_carwin_9, grunt_megastairs_3,
          uniq_prince_ribbit2

Skill      XL: |  1  2  3  4  5  6  7  8  9 10 |
---------------+-------------------------------+-----
Dodging        | 1 2 3 |  3.7
Shields        | 4 5 |  5.8
Long Blades    | 3 4 5 6 8 12 14 15 | 15.0
Armour         | 4 5 11 | 11.0
Stealth        | 2 |  2.0
Slings         | 2 |  2.0
Fighting       | |  3.6

Action                   |  1- 3 |  4- 6 |  7- 9 | 10-12 || total
-------------------------+-------+-------+-------+-------++-------
Melee: Long sword        |   111 |   110 |   455 |   143 ||   819
       Headbutt          |    14 |    24 |   137 |    59 ||   234
 Fire: Hunting sling     |       |       |       |    32 ||    32
  Use: Potion            |     3 |     2 |     2 |       ||     7
       Scroll            |       |     5 |     4 |     9 ||    18
  Eat: Chunk             |     1 |       |    20 |    11 ||    32
       Bread ration      |       |     1 |     2 |       ||     3
Armor: Scale mail        |    57 |    26 |   125 |    65 ||   273
Dodge: Dodged            |    40 |    36 |   119 |    95 ||   290
Block: Shield            |    70 |    51 |   208 |   147 ||   476
       Rpst.: Long sword |     8 |    10 |    32 |    17 ||    67
